 Dungeon Crawl Stone Soup version 0.29.1-13-g9f3cf754e1 (webtiles) character file.

Game seed: 12108495704408157913

2090 jondo1214 the Cleaver (level 9, -10/78 HPs)
             Began as a Hill Orc Fighter on Jan 31, 2023.
             Was a Priest of Beogh.
             Mangled by Pikel
             ... wielding a +2 whip of electrocution
              (15 damage)
             ... on level 6 of the Dungeon.
             The game lasted 00:25:24 (6571 turns).

jondo1214 the Cleaver (Hill Orc Fighter)            Turns: 6571, Time: 00:25:24

Health: -10/78     AC: 15    Str: 29    XL:     9   Next: 27%
Magic:  0/9        EV:  8    Int:  8    God:    Beogh [***...]
Gold:   314        SH:  5    Dex: 10    Spells: 8/8 levels left

rFire   . . .      SeeInvis .   a - +1 war axe (chaos)
rCold   . . .      Faith    .   c - +0 buckler
rNeg    . . .      Spirit   +   q - +1 chain mail
rPois   .          Reflect  .   (no helmet)
rElec   .          Harm     .   (no cloak)
rCorr   .          Rampage  .   (no gloves)
Will    .....                   (no boots)
Stlth   ..........              u - amulet of guardian spirit
HPRegen 0.23/turn               f - +4 ring of protection
MPRegen 0.11/turn               s - +6 ring of strength

@: no status effects
A: no striking features
a: Renounce Religion, Smiting


You were on level 6 of the Dungeon.
You worshipped Beogh.
Beogh was most pleased with you.
You visited 1 branch of the dungeon, and saw 6 of its levels.
You also visited: Sewer.

You collected 314 gold pieces.

Inventory:

Hand Weapons
 a - a +1 war axe of chaos (weapon)
 g - a +1 mace of holy wrath
 k - a +0 falchion
 A - a +4 spear
Missiles
 p - a throwing net (quivered)
 z - 8 poisoned darts
Armour
 c - a +0 buckler (worn)
 q - a +1 chain mail (worn)
 D - +0 acid dragon scales
Jewellery
 f - a +4 ring of protection (left hand)
 s - a +6 ring of strength (right hand)
 t - a ring of positive energy
 u - an amulet of guardian spirit (around neck)
 C - an amulet of guardian spirit
Wands
 n - a wand of polymorph (19)
 v - a wand of charming (9)
 x - a wand of iceblast (10)
 F - a wand of flame (30)
Scrolls
 h - 3 scrolls of teleportation
 i - 2 scrolls of fear
 j - 2 scrolls of magic mapping
 r - 2 scrolls of enchant armour
 y - a scroll of blinking
 B - 2 scrolls of silence
Potions
 b - a potion of resistance {unknown}
 d - a potion of might
 e - 2 potions of brilliance
 l - a potion of attraction {unknown}
 m - a potion of flight {unknown}
 o - a potion of curing {unknown}
 w - a potion of mutation {unknown}
 E - a potion of heal wounds
 G - a potion of haste
 H - a potion of magic {unknown}


   Skills:
 * Level 6.4 Fighting
 * Level 10.2 Axes
 * Level 2.6 Throwing
 * Level 6.7 Armour
 + Level 0.8 Dodging
 * Level 5.3 Shields
 * Level 2.9 Evocations


You had 8 spell levels left.
You didn't know any spells.
Your spell library contained the following spells:

 Spells                   Type           Power      Damage    Failure   Level
 Conjure Flame            Conj/Fire      0%         6-21      100%        3
 Ignite Poison            Fire/Tmut/Pois 0%         N/A       100%        3
 Passage of Golubria      Tloc           0%         N/A       100%        4
 Sticky Flame             Conj/Fire      0%         2d3       100%        4
 Silence                  Hex/Air        0%         N/A       100%        5
 Lehudib's Crystal Spear  Conj/Erth      0%         10d2      100%        8


Dungeon Overview and Level Annotations

Branches:
Dungeon (6/15)             Temple (0/1) D:5           Sewer (visited)

Altars:
Okawaru

Shops:
D:2 ?   D:6 (

Annotations:
D:6 Pikel


Message History

Pikel closely misses you.
You hit Pikel.
Pikel seems to speed up.
Pikel is heavily wounded.
You block Pikel's attack. Pikel barely misses you.
You closely miss Pikel.
Pikel is heavily wounded.
Pikel hits you but does no damage.
You slash Pikel!
You feel better.
Pikel is almost dead.
Pikel hits you with a +2 whip of electrocution.
Pikel hits you but does no damage.
You hit Pikel but do no damage.
Pikel is almost dead.
Pikel closely misses you. Pikel hits you but does no damage.
You miss Pikel.
Pikel is almost dead.
Pikel hits you with a +2 whip of electrocution!
You miss Pikel.
Pikel is almost dead.
Pikel hits you but does no damage.
You are electrocuted!!
Pikel hits you but does no damage.
You are electrocuted!
You barely miss Pikel.
Pikel is almost dead.
Pikel hits you but does no damage.
You miss Pikel.
Pikel is almost dead.
Pikel hits you with a +2 whip of electrocution.
You block Pikel's attack.
You hit Pikel. You freeze Pikel.
Pikel is almost dead.
Pikel barely misses you.
You barely miss Pikel.
Pikel is almost dead.
Pikel hits you with a +2 whip of electrocution.
You are electrocuted!!
* * * LOW HITPOINT WARNING * * *
Pikel hits you with a +2 whip of electrocution.
* * * LOW HITPOINT WARNING * * *
You are electrocuted!
You die...

#..###.....###.#*#,,,**,,,,,,*
#......#...#**.#..,,,,,,,,,,,*
#...#.##...##[...#*,***,,,,,,*
.......##..#..#,.#*,**#.,*****
#####...#.∩..###.,,,,...,*
***,..###.......#*,,....,********
*,,,### #.....[.#*,.....,**,,,,,*
,,,** #.......##5S....,,*,,,,,*
*,,,*** #.......@K55....,,,,,,,,*
***,,,**#.......##5....#,,*,,,,,*
***,,,#.......#*,....#,,*******
##*,,,**#..))...#*,,...#,**
*..,*** #...)...#*,,,..#,* ,,.#*
#.......#*****..,** *,..###
#.......# **,,.,,**
***...###.####### *,,,,,,,*
#####...#.##########.,,,,,,*


You could see Pikel (fast), 4 lemures and an adder.

Vanquished Creatures
  A troll (shapeshifter) (D:5)
  Edmund (D:5)
  An acid dragon (D:6)
  Duvessa (D:6)
  2 ice beasts
  4 kobold brigands (Sewer)
  Blork the orc (D:5)
  A scorpion (D:4)
  Dowan (D:6)
  A howler monkey (D:6)
  4 hounds
  A jelly (D:5)
  An orc priest (D:5)
  A gnoll bouda (D:3)
  2 iguanas (D:4)
  5 orc wizards
  7 gnolls
  2 river rats
  16 adders
  2 white imps (D:6)
  9 worms
  2 dart slugs
  23 orcs
  8 bats
  14 endoplasms
  5 giant cockroaches
  8 goblins
  12 hobgoblins
  3 jackals (D:3)
  7 quokkas
  8 ball pythons
  4 frilled lizards
  12 kobolds
  13 rats
183 creatures vanquished.

Vanquished Creatures (collateral kills)
  A jackal (D:3)
  A bat (D:3)
2 creatures vanquished.

Vanquished Creatures (others)
  2 orc wizards
  An orc (D:3)
  A gnoll zombie (D:5)
  A quokka (D:3)
5 creatures vanquished.

Grand Total: 190 creatures vanquished

Notes
Turn   | Place    | Note
-------+----------+-------------------------------------------
     0 | D:1      | jondo1214 the Hill Orc Fighter began the quest for the Orb.
     0 | D:1      | Reached XP level 1. HP: 19/19 MP: 1/1
   161 | D:1      | Reached XP level 2. HP: 21/27 MP: 2/2
   621 | D:1      | Found a faded altar of an unknown god.
   645 | D:1      | Reached skill level 3 in Axes
   645 | D:1      | Reached XP level 3. HP: 32/33 MP: 3/3
  1225 | D:2      | Found Ujim's Magic Scroll Emporium.
  1267 | D:2      | Reached XP level 4. HP: 27/40 MP: 4/4
  1277 | D:2      | Reached skill level 4 in Axes
  1475 | D:2      | You fall into a shaft and drop 2 floors!
  1853 | D:3      | Found a transporter.
  1877 | D:3      | Found a transporter.
  2070 | D:3      | Found an iron altar of Okawaru.
  2097 | D:3      | Reached XP level 5. HP: 46/47 MP: 5/5
  2246 | D:3      | Became a worshipper of Beogh the Brigand
  2435 | D:3      | Reached skill level 5 in Axes
  2678 | D:3      | Reached XP level 6. HP: 42/53 MP: 6/6
  2855 | D:4      | Reached skill level 6 in Axes
  3235 | D:4      | Reached * piety under Beogh
  3261 | D:4      | Reached XP level 7. HP: 34/60 MP: 7/7
  3455 | D:4      | Reached skill level 7 in Axes
  3511 | D:4      | Reached skill level 5 in Fighting
  3512 | D:4      | Reached skill level 5 in Armour
  3836 | D:5      | Entered Level 5 of the Dungeon
  3870 | D:5      | Noticed Edmund
  3880 | D:5      | Killed Edmund
  4483 | D:5      | Found a staircase to the Ecumenical Temple.
  4520 | D:5      | Reached skill level 8 in Axes
  4520 | D:5      | Reached skill level 1 in Throwing
  4520 | D:5      | Reached skill level 1 in Evocations
  4520 | D:5      | Reached XP level 8. HP: 45/68 MP: 8/8
  4632 | D:5      | Noticed Blork the orc
  4639 | D:5      | Killed Blork the orc
  4677 | D:5      | Noticed a shapeshifter
  4677 | D:5      | Noticed a blink frog
  4677 | D:5      | a shapeshifter changed into a blink frog
  4684 | D:5      | Noticed a troll
  4684 | D:5      | a blink frog changed into a troll
  4691 | D:5      | Killed a troll
  5420 | D:6      | Reached ** piety under Beogh
  5429 | D:6      | Reached skill level 9 in Axes
  5554 | D:6      | Found Liefogom's Antique Weapon Boutique.
  5626 | D:6      | Reached skill level 5 in Shields
  5706 | D:6      | Found a glowing drain.
  5737 | Sewer    | Entered a sewer
  6138 | Sewer    | Reached XP level 9. HP: 75/75 MP: 9/9
  6490 | D:6      | Noticed Duvessa
  6494 | D:6      | Noticed Dowan
  6497 | D:6      | Reached skill level 10 in Axes
  6503 | D:6      | Killed Duvessa
  6505 | D:6      | Killed Dowan
  6507 | D:6      | Reached *** piety under Beogh
  6547 | D:6      | Noticed Pikel
  6571 | D:6      | Mangled by Pikel

Illustrated notes

Levels and vault maps discovered:
D:1:      sevenhm_arrival_forest_fort_small_3, layout_rooms,
          hellmonk_ecumenical_altar_inner_sanctum, roderic_serpentine_path,
          minmay_door_square
D:2:      layout_basic, serial_shops, nicolae_shop_statue_plus
D:3:      layout_loops_cross, gammafunk_temple_overflow_arena,
          minmay_fractal_squares_gapless_5
D:4:      minmay_recursive_quarters, layout_basic
D:5:      layout_loops_ring, minmay_temple_entry_grid, uniq_blork_the_orc,
          uniq_edmund
D:6:      layout_rooms, gup_sewer_entry_spiral, serial_shops, shop,
          ebering_ghost_reflecting_pool, serial_curves, eino_curves_02,
          eino_curves_03, uniq_pikel, uniq_duvessa

Skill      XL: |  1  2  3  4  5  6  7  8  9 |
---------------+----------------------------+-----
Fighting       | 4 5 6 |  6.4
Axes           | 3 4 5 6 8 9 10 | 10.2
Armour         | 4 5 6 |  6.7
Shields        | 4 5 |  5.3
Throwing       | 1 2 |  2.6
Evocations     | 1 2 |  2.9
Dodging        | |  0.8

Action                   |  1- 3 |  4- 6 |  7- 9 || total
-------------------------+-------+-------+-------++-------
Melee: War axe           |    92 |   186 |   247 ||   525
Throw: Dart              |       |       |     3 ||     3
Invok: Convert to Beogh  |       |     1 |       ||     1
  Use: Scroll            |     4 |     8 |     5 ||    17
       Potion            |       |     1 |     1 ||     2
 Stab: Petrified         |       |     5 |       ||     5
       Paralysed         |       |       |     2 ||     2
Armor: Scale mail        |    49 |    58 |       ||   107
       Chain mail        |       |    70 |   138 ||   208
Dodge: Dodged            |    51 |    83 |    82 ||   216
Block: Buckler           |    20 |    48 |    49 ||   117
